 Dungeon Crawl Stone Soup version 0.26.1-2-gb8aa6d0cf2 (webtiles) character file.

Game seed: 5340371896628245184

24560 septik the Brawler (level 12, -7/105 HPs)
             Began as a Troll Berserker on Mar 25, 2021.
             Was a High Priest of Trog.
             Mangled by a sixfirhy (12 damage)
             ... summoned by Frances
             ... on level 12 of the Dungeon.
             The game lasted 00:55:53 (12701 turns).

septik the Brawler (Troll Berserker)               Turns: 12701, Time: 00:55:53

Health: -7/105     AC: 11    Str: 28    XL:     12   Next: 81%
Magic:  11/11      EV: 10    Int:  8    God:    Trog [*****.]
Gold:   567        SH:  0    Dex: 13    Spells: 11/11 levels left

rFire    . . .     SeeInvis .     - Unarmed
rCold    . . .     Faith    +   (no shield)
rNeg     . . .     Spirit   .   T - +0 troll leather armour
rPois    +         Reflect  .   O - +0 hat
rElec    .         Harm     .   j - +2 cloak
rCorr    .         Rampage  .   (gloves unavailable)
Will     .....                  (boots unavailable)
Stlth    +++.......             R - amulet of faith
HPRegen  1.07/turn              X - ring of Akosoum {Int+5 Stlth+}
MPRegen  0.12/turn              B - ring of poison resistance

@: no status effects
A: large, unfitting armour, claws 3, regeneration 1, shaggy fur 1, tough skin 3
a: Renounce Religion, Berserk, Trog's Hand, Brothers in Arms


You were on level 12 of the Dungeon.
You worshipped Trog.
Trog was extremely pleased with you.
You visited 2 branches of the dungeon, and saw 13 of its levels.

You collected 748 gold pieces.
You spent 181 gold pieces at shops.

Inventory:

Hand Weapons
 H - the +4 quarterstaff "Fomiaps" {antimagic, +Fly rC++}
   (You found it on level 6 of the Dungeon)

   It reduces the magical energy of the wielder, and disrupts the spells and
   magical abilities of those hit.
   Natural abilities and divine invocations are not affected.
   It greatly protects you from cold.
   It lets you fly.
Missiles
 b - 332 stones
 t - 2 throwing nets
 u - 26 poisoned darts (quivered)
 M - 5 javelins
Armour
 a - a +0 animal skin
 j - a +2 cloak (worn)
 O - a +0 hat (worn)
 T - a +0 troll leather armour (worn)
Jewellery
 r - an uncursed ring of willpower
 y - an uncursed ring of fire
 B - a ring of poison resistance (right claw)
 K - an uncursed ring of protection from cold
 R - an amulet of faith (around neck)
 U - the ring of Tamedo Esutz {*Drain rElec rPois Dex+6}
   (You took it off a centaur warrior on level 11 of the Dungeon)

   [ring of dexterity]

   It affects your dexterity (+6).
   It insulates you from electricity.
   It protects you from poison.
   It causes draining when unequipped.
 V - the ring of Lazik {rF- Str+6 Dex+3 SInv}
   (You found it on level 11 of the Dungeon)

   [ring of see invisible]

   It affects your strength (+6).
   It affects your dexterity (+3).
   It makes you vulnerable to fire.
   It lets you see invisible.
 W - the ring of Buipal {Fire Will+}
   (You found it on level 11 of the Dungeon)

   [ring of fire]

   It enhances your fire magic.
   It protects you from fire.
   It makes you vulnerable to cold.
   It affects your willpower, your defense against some magical effects.
 X - the ring of Akosoum (left claw) {Int+5 Stlth+}
   (You found it on level 11 of the Dungeon)

   [ring of stealth]

   It affects your intelligence (+5).
   It makes you more stealthy.
 Y - an uncursed ring of ice
Wands
 k - a wand of acid (4)
 p - a wand of random effects (36)
 I - a wand of iceblast (24)
 N - a wand of flame (21)
 P - a wand of disintegration (9)
 Q - a wand of polymorph (9)
 S - a wand of paralysis (6)
Scrolls
 c - 4 scrolls of immolation {unknown}
 d - 6 scrolls of teleportation
 e - a scroll of enchant armour {unknown}
 h - 4 scrolls of enchant weapon {unknown}
 i - 7 scrolls of identify
 m - 6 scrolls of remove curse {unknown}
 n - 5 scrolls of magic mapping
 q - 4 scrolls of blinking {unknown}
 v - 3 scrolls of amnesia {unknown}
 C - a scroll of fog
 E - 3 scrolls of fear {unknown}
 Z - a scroll of holy word {unknown}
Potions
 f - 2 potions of might
 g - 2 potions of haste {unknown}
 l - a potion of heal wounds {unknown}
 o - 2 potions of cancellation {unknown}
 s - 5 potions of curing {unknown}
 w - 4 potions of flight {unknown}
 x - 2 potions of resistance {unknown}
 z - 2 potions of brilliance {unknown}
 A - a potion of magic {unknown}
 D - 3 potions of attraction {unknown}
 F - 3 potions of degeneration {unknown}
 G - a potion of mutation {unknown}
 J - 2 potions of lignification {unknown}
 L - 2 potions of invisibility {unknown}


   Skills:
 - Level 3.5 Fighting
 - Level 2.0 Throwing
 - Level 2.6 Dodging
 - Level 2.0 Stealth
 + Level 19.4 Unarmed Combat
 - Level 1.0 Evocations


You had 11 spell levels left.
You didn't know any spells.
Your spell library was empty.

Dungeon Overview and Level Annotations

Branches:
Dungeon (12/15)            Temple (0/1) D:4            Lair (1/6) D:9
    Orc (0/2) D:11

Altars:
The Shining One

Shops:
D:4 ?   D:8 (   D:9 }

Annotations:
D:8 5 runed translucent doors
D:12 Frances
Lair:1 Nergalle


Innate Abilities, Weirdness & Mutations

You are too large for most types of armour.
You have claws for hands.
Your natural rate of healing is unusually fast.
You are covered in fur. (AC +1)
You have extremely tough skin. (AC +3)


Message History

The sixfirhy shocks you! The red devil closely misses you.
The sixfirhy closely misses you.
The sixfirhy hits you but does no damage.
Frances growls a series of guttural syllables.
Frances screams a word of power!
Frances seems to speed up.
The sixfirhy barely misses you.
The sixfirhy hits you but does no damage.
Frances chants phrases taken from a devil's mouth.
The iron shot hits you!!
* * * LOW HITPOINT WARNING * * *
The sixfirhy hits you but does no damage.
The sixfirhy hits you.
* * * LOW HITPOINT WARNING * * *
The sixfirhy shocks you!
* * * LOW HITPOINT WARNING * * *
The sixfirhy hits you!
* * * LOW HITPOINT WARNING * * *
The sixfirhy shocks you!
You die...

#.......................... ..
########..#####.............##
#..# #...########..# #..#
#...# #..# #..# #...# #..#
#..# #...# #..# #..#####...#
#..#
########..........########<.##
#.......r@..3@................
#.......4#########..######.###
#........# #..# #.# #......r.#
#..# #.# #........# #..# #.#
#........# #..# #.#
#........## #..# #.#
#........... .... ..#
#............ ....


You could see Frances (fast), a sixfirhy (summoned), a red devil (summoned) and
a quokka.

Vanquished Creatures
  Gastronok (D:9)
  Harold (D:9)
  Fannar (D:12)
  Erica (D:8)
  A boulder beetle (D:11)
  A centaur warrior (D:11)
  3 two-headed ogres
  3 unseen horrors
  An ugly thing (D:11)
  A manticore (D:11)
  A centaur zombie (D:11)
  Maurice (D:11)
  Joseph (D:7)
  A yaktaur (D:11)
  A komodo dragon (D:12)
  4 trolls
  A meliai zombie (D:12)
  4 blink frogs
  A shadow (D:11)
  Sigmund (D:2)
  4 yaks (Lair:1)
  A basilisk (D:11)
  2 wraiths (D:11)
  2 wyverns (D:11)
  A warg (D:11)
  Edmund (D:6)
  2 soldier ants (D:11)
  4 orc warriors
  4 water moccasins
  8 ice beasts
  2 black bears
  3 sky beasts
  A phantom (D:7)
  A necrophage (D:8)
  5 ogres
  3 wolves
  11 centaurs
  2 big kobolds
  15 bullfrogs
  3 scorpions
  3 wights (D:10)
  6 killer bees (D:10)
  3 howler monkeys
  An electric eel (D:8)
  A bullfrog zombie (D:10)
  3 jellies
  2 hounds
  8 orc priests
  Crazy Yiuf (D:3)
  A bullfrog skeleton (D:9)
  4 centaur skeletons
  An iron imp (D:5)
  2 iguanas (D:5)
  11 orc wizards
  7 worker ants
  A bullfrog simulacrum (D:11)
  A hound zombie (D:11)
  A hound skeleton (D:5)
  A worker ant zombie (D:5)
  4 gnolls (D:9)
  9 adders
  A shadow imp (D:6)
  2 white imps
  2 ufetubi (D:6)
  2 oozes
  An adder zombie (D:8)
  An adder skeleton (D:9)
  5 worms
  5 leopard geckos
  31 orcs
  14 bats
  5 giant cockroaches
  10 goblins
  11 hobgoblins
  12 jackals
  6 quokkas
  9 frilled lizards
  A goblin zombie (D:5)
  3 hobgoblin zombies (D:5)
  2 jackal skeletons (D:5)
  A jackal zombie (D:5)
  19 kobolds
  3 kobold skeletons (D:5)
  2 kobold zombies (D:5)
  2 orc skeletons (D:5)
  A quokka skeleton (D:8)
  9 rats
336 creatures vanquished.

Vanquished Creatures (collateral kills)
  A fire dragon (D:11)
  A boulder beetle (D:11)
  2 hydras (D:11)
  A centaur warrior (D:11)
  A two-headed ogre (D:9)
  A troll (D:11)
  An ice beast (D:9)
  An eye of draining (D:11)
  2 bullfrogs (D:11)
  A wyvern zombie (D:9)
  2 orc wizards
  A white imp (D:9)
  An adder skeleton (D:9)
  3 orcs (D:9)
  A quokka (D:11)
20 creatures vanquished.

Grand Total: 356 creatures vanquished

Notes
Turn   | Place    | Note
-------+----------+-------------------------------------------
     0 | D:1      | septik the Troll Berserker began the quest for the Orb.
     0 | D:1      | Reached XP level 1. HP: 22/22 MP: 0/0
   334 | D:1      | Reached XP level 2. HP: 29/29 MP: 1/1
   777 | D:2      | Noticed Sigmund
   855 | D:1      | Reached skill level 4 in Unarmed Combat
   855 | D:1      | Reached XP level 3. HP: 35/36 MP: 2/2
   933 | D:2      | Reached ** piety under Trog
  1017 | D:2      | Reached XP level 4. HP: 44/44 MP: 3/3
  1207 | D:2      | Killed Sigmund
  1208 | D:2      | Reached skill level 5 in Unarmed Combat
  1208 | D:2      | Reached XP level 5. HP: 53/53 MP: 4/4
  1723 | D:3      | Reached skill level 1 in Throwing
  1839 | D:3      | Reached XP level 6. HP: 58/61 MP: 5/5
  1939 | D:3      | Reached *** piety under Trog
  2425 | D:3      | Found a runed translucent door.
  2426 | D:3      | Noticed Crazy Yiuf
  2433 | D:3      | Killed Crazy Yiuf
  2610 | D:4      | Reached skill level 1 in Stealth
  2833 | D:4      | Found a staircase to the Ecumenical Temple.
  2981 | D:4      | Found Raot's Magic Scroll Boutique.
  2990 | D:4      | Bought a scroll of identify for 22 gold pieces
  2990 | D:4      | Bought a scroll of identify for 22 gold pieces
  2990 | D:4      | Bought a scroll of identify for 22 gold pieces
  2990 | D:4      | Bought a scroll of identify for 22 gold pieces
  2990 | D:4      | Bought a scroll of magic mapping for 38 gold pieces
  2990 | D:4      | Bought a scroll of teleportation for 33 gold pieces
  2990 | D:4      | Bought a scroll of fog for 22 gold pieces
  3269 | D:4      | Reached XP level 7. HP: 67/67 MP: 6/6
  3351 | D:5      | Entered Level 5 of the Dungeon
  3365 | D:5      | Reached skill level 6 in Unarmed Combat
  3405 | D:5      | Reached **** piety under Trog
  3410 | D:5      | Reached skill level 7 in Unarmed Combat
  3740 | D:5      | Found a glowing golden altar of the Shining One.
  3746 | D:5      | Reached skill level 8 in Unarmed Combat
  3834 | D:5      | Reached XP level 8. HP: 75/75 MP: 7/7
  4183 | D:6      | Reached ***** piety under Trog
  4517 | D:6      | Noticed Edmund
  4556 | D:6      | Killed Edmund
  4557 | D:6      | Reached skill level 9 in Unarmed Combat
  4935 | D:6      | Reached skill level 10 in Unarmed Combat
  5112 | D:6      | Killed an unseen horror
  5113 | D:6      | Reached skill level 11 in Unarmed Combat
  5113 | D:6      | Reached XP level 9. HP: 26/83 MP: 8/8
  5116 | D:6      | Got a slimy quarterstaff
  5723 | D:7      | Noticed Joseph
  5802 | D:7      | Killed Joseph
  5924 | D:7      | Reached skill level 12 in Unarmed Combat
  6239 | D:7      | Received a gift from Trog
  6525 | D:7      | Identified the +4 quarterstaff "Fomiaps" {antimagic, +Fly
                  | rC++} (You found it on level 6 of the Dungeon)
  6944 | D:8      | Reached skill level 1 in Evocations
  7139 | D:8      | Found Sonwoq's Antique Weapon Emporium.
  7311 | D:8      | Reached skill level 13 in Unarmed Combat
  7322 | D:8      | Reached XP level 10. HP: 91/91 MP: 9/9
  7447 | D:8      | Found the +9 staff of Olgreb {rPois∞}
  7450 | D:8      | Found a runed translucent door.
  7457 | D:8      | Found a runed translucent gate.
  7457 | D:8      | Found a runed translucent gate.
  7458 | D:8      | Found a runed translucent door.
  7637 | D:8      | Found a runed translucent gate.
  7909 | D:8      | Noticed Erica
  7918 | D:8      | Killed Erica
  8138 | D:9      | Noticed a two-headed ogre
  8140 | D:9      | Killed a two-headed ogre
  8331 | D:9      | Noticed Gastronok
  8489 | D:9      | Reached skill level 14 in Unarmed Combat
  8641 | D:9      | Killed Gastronok
  8642 | D:9      | Reached skill level 15 in Unarmed Combat
  8759 | D:9      | Noticed Harold
  8774 | D:9      | Killed Harold
  8775 | D:9      | Reached XP level 11. HP: 44/97 MP: 10/10
  8904 | D:9      | Found Vohixec's Gadget Emporium.
  8956 | D:9      | Found a staircase to the Lair.
  9082 | D:10     | Entered Level 10 of the Dungeon
  9352 | D:10     | Noticed a two-headed ogre
  9578 | Lair:1   | Entered Level 1 of the Lair of Beasts
  9747 | Lair:1   | Noticed Nergalle
  9795 | Lair:1   | Reached skill level 16 in Unarmed Combat
 10197 | D:10     | Killed a two-headed ogre
 10673 | D:10     | Killed an unseen horror
 10849 | D:11     | Noticed a two-headed ogre
 10852 | D:11     | Killed a two-headed ogre
 10853 | D:11     | Reached skill level 17 in Unarmed Combat
 10926 | D:11     | Received a gift from Trog
 10958 | D:11     | Found a staircase to the Orcish Mines.
 11364 | D:11     | Noticed a boulder beetle
 11391 | D:11     | HP: 3/97 [boulder beetle (57)]
 11395 | D:11     | Reached XP level 12. HP: 5/105 MP: 11/11
 11396 | D:11     | Killed a boulder beetle
 11522 | D:11     | Noticed an eight-headed hydra
 11531 | D:11     | Killed an eight-headed hydra
 11695 | D:11     | Noticed a boulder beetle
 11696 | D:11     | Noticed a centaur warrior
 11709 | D:11     | Killed a centaur warrior
 11710 | D:11     | Reached skill level 18 in Unarmed Combat
 11718 | D:11     | Killed a boulder beetle
 11800 | D:11     | Noticed a two-headed ogre
 11805 | D:11     | Killed a two-headed ogre
 11832 | D:11     | Noticed Maurice
 11855 | D:11     | Killed Maurice
 11888 | D:11     | Noticed a four-headed hydra
 11894 | D:11     | Killed a five-headed hydra
 11978 | D:11     | Received a gift from Trog
 12000 | D:11     | Noticed a fire dragon
 12005 | D:11     | Identified the ring of Tamedo Esutz {*Drain rElec rPois
                  | Dex+6}
 12005 | D:11     | Noticed a centaur warrior
 12011 | D:11     | Killed a fire dragon
 12013 | D:11     | Killed a centaur warrior
 12025 | D:11     | Reached skill level 19 in Unarmed Combat
 12040 | D:11     | Got a clouded granite ring
 12043 | D:11     | Got a bound granite ring
 12055 | D:11     | Got a bound lapis lazuli ring
 12268 | D:11     | Identified the ring of Lazik {rF- Str+6 Dex+3 SInv} (You
                  | found it on level 11 of the Dungeon)
 12269 | D:11     | Identified the ring of Buipal {Fire Will+} (You found it on
                  | level 11 of the Dungeon)
 12270 | D:11     | Identified the ring of Akosoum {Int+5 Stlth+} (You found it
                  | on level 11 of the Dungeon)
 12408 | D:12     | Noticed Fannar
 12419 | D:12     | Killed Fannar
 12688 | D:12     | Noticed Frances
 12701 | D:12     | HP: 5/105 [sixfirhy[Frances] (8)]
 12701 | D:12     | Mangled by a sixfirhy

Illustrated notes

Levels and vault maps discovered:
D:1:      dpeg_arrival_pond, layout_loops_ring
D:2:      minmay_alternating_diamond, layout_rooms, uniq_sigmund
D:3:      layout_basic, st_stairs_5, uniq_crazy_yiuf_cottage
D:4:      layout_basic, minmay_temple_entry_nine_rooms, serial_shops, shop
D:5:      layout_cave_pools, nicolae_tso_besieged_by_evil
D:6:      layout_loops_ring, serial_co_window_serial, co_window_corner_a,
          co_window_paths_a, co_window_corner_a, co_window_paths_a,
          co_window_corner_a, co_window_2corner, co_window_2corner,
          co_window_of_opportunity_c, co_window_2corner, co_window_4corner_a,
          glass_columns_a, glass_columns_a, glass_columns_a, dk_vineyard_1,
          minmay_small_thing, uniq_edmund
D:7:      layout_loops_corners, uniq_joseph
D:8:      layout_cave_pods, serial_shops, kennysheep_mini, minivault_14,
          minmay_guarded_unrand_staff_of_olgreb, uniq_erica
D:9:      layout_basic, lair_entry_dummy, serial_shops, kennysheep_little_box,
          uniq_gastronok, uniq_harold
D:10:     layout_loops_ring
D:11:     minmay_the_grid_triangle_9x9_rhombus_full
          [minmay_the_grid_triangle_9x9_corrupted_corridor,
          minmay_the_grid_triangle_9x9_warning,
          minmay_the_grid_triangle_9x9_longest,
          minmay_the_grid_triangle_9x9_stretched_checkered,
          minmay_the_grid_triangle_9x9_impossible_snake,
          minmay_the_grid_triangle_9x9_semitri,
          minmay_the_grid_triangle_9x9_steps,
          minmay_the_grid_triangle_9x9_prize_special], layout_loops_cross,
          david_orc_3, uniq_maurice
D:12:     layout_small_grid, uniq_fannar, uniq_frances, uniq_azrael
Lair:1:   layout_cave_pods, grunt_forest_stairs_basic, uniq_nergalle

Skill      XL: |  1  2  3  4  5  6  7  8  9 10 11 12 |
---------------+-------------------------------------+-----
Unarmed Combat | 4 5 8 11 13 15 17 19 | 19.4
Fighting       | 3 |  3.5
Throwing       | 1 2 |  2.0
Stealth        | 2 |  2.0
Evocations     | 1 |  1.0
Dodging        | |  2.6

Action                   |  1- 3 |  4- 6 |  7- 9 | 10-12 || total
-------------------------+-------+-------+-------+-------++-------
Melee: Unarmed           |    77 |   153 |   222 |   430 ||   882
       Punch             |     3 |     4 |    10 |    37 ||    54
       Quarterstaff      |       |       |    36 |       ||    36
Throw: Stone             |    27 |    41 |    41 |    15 ||   124
       Dart              |       |    12 |    26 |     4 ||    42
Invok: Berserk           |       |     2 |     6 |     7 ||    15
       Brothers in Arms  |       |       |       |     8 ||     8
       Trog's Hand       |       |       |       |     3 ||     3
  Use: Scroll            |       |     3 |     3 |     4 ||    10
 Stab: Sleeping          |       |     2 |     5 |     2 ||     9
Armor: Animal skin       |    35 |    57 |    90 |    95 ||   277
       Troll leather arm |       |       |       |    56 ||    56
Dodge: Dodged            |    28 |    81 |   107 |   192 ||   408
